 Dungeon Crawl Stone Soup version 0.19.4 (webtiles) character file.

196 LORDOFBUTT the Sneak (level 5, -1/24 HPs)
             Began as a Spriggan Enchanter on Feb 3, 2017.
             Was an Initiate of Gozag.
             Slain by an ice beast (6 damage)
             ... on level 5 of the Dungeon.
             The game lasted 00:04:55 (3625 turns).

LORDOFBUTT the Sneak (Spriggan Enchanter)           Turns: 3625, Time: 00:04:56

Health: -1/24      AC:  4    Str:  4    XL:     5   Next: 46%
Magic:  0/12       EV: 19    Int: 17    God:    Gozag
Gold:   214        SH:  0    Dex: 17    Spells: 4 memorised, 3 levels left

rFire  . . .     SeeInvis +     a - +1 dagger
rCold  . . .     Gourm    .     b - +1 robe
rNeg   . . .     Faith    .     (shield restricted)
rPois  .         Spirit   .     (helmet restricted)
rElec  .         Reflect  .     r - +0 cloak
rCorr  +         Harm     .     (gloves unavailable)
MR     .....                    (boots unavailable)
Stlth  +++.......               (no amulet)
                                (no ring)
                                j - ring of resist corrosion

@: very slightly contaminated, very quick
A: unfitting armour, see invisible, herbivore 3, speed 3, slow metabolism 2
a: Potion Petition, Call Merchant, Bribe Branch, Renounce Religion


You were on level 5 of the Dungeon.
You worshipped Gozag.
Gozag was aware of your devotion.
You were full.

You visited 2 branches of the dungeon, and saw 6 of its levels.

You collected 294 gold pieces.
You paid 80 gold pieces to Gozag.

Inventory:

Hand Weapons
 a - a +1 dagger (weapon)
Armour
 b - a +1 robe (worn)
 r - a +0 cloak (worn)
Jewellery
 j - a ring of resist corrosion (left hand)
Scrolls
 e - 2 scrolls of noise {unknown}
 f - 2 scrolls of identify {unknown}
 g - 2 scrolls of amnesia {unknown}
 i - 2 scrolls of immolation {unknown}
 k - a scroll of remove curse {unknown}
 m - 2 scrolls of teleportation
 q - a scroll of blinking {unknown}
 u - a scroll of fear {unknown}
 v - a scroll of fog {unknown}
 w - a scroll of recharging {unknown}
 x - a scroll of magic mapping {unknown}
 y - a scroll of enchant armour {unknown}
Potions
 h - a potion of invisibility {unknown}
 n - a potion of mutation {unknown}
 o - a potion of degeneration {unknown}
 p - a potion of heal wounds {unknown}
 s - a potion of might {unknown}
Books
 c - a book of Maledictions

   Spells                             Type                      Level
   a - Corona                         Hexes                        1
   b - Ensorcelled Hibernation        Hexes/Ice                    2
   c - Confuse                        Hexes                        3
   d - Tukima's Dance                 Hexes                        3
   e - Dazzling Spray                 Conjuration/Hexes            3
 t - a book of Ice

   Spells                             Type                      Level
   a - Ice Form                       Ice/Transmutation            4
   b - Metabolic Englaciation         Hexes/Ice                    5
   c - Ozocubu's Refrigeration        Ice                          6
   d - Bolt of Cold                   Conjuration/Ice              6
   e - Freezing Cloud                 Conjuration/Ice/Air          6
   f - Simulacrum                     Ice/Necromancy               6
Comestibles
 d - a bread ration
 l - a slice of pizza


   Skills:
 + Level 1.8 Short Blades
 + Level 4.1 Dodging
 * Level 6.3 Stealth
 * Level 4.2 Spellcasting
 * Level 4.8 Hexes


You had 3 spell levels left.
You knew the following spells:

 Your Spells              Type           Power        Failure   Level  Hunger
a - Corona                Hex            ###....      2%          1    None
b - Ensorcelled Hibernat  Hex/Ice        ##....       12%         2    ##.....
c - Confuse               Hex            ###.....     10%         3    ###....
d - Tukima's Dance        Hex            ###.....     10%         3    ###....


Dungeon Overview and Level Annotations

Branches:
Dungeon (5/15)             Temple (1/1) D:4

Altars:
Ashenzari
Cheibriados
Dithmenos
Elyvilon
Fedhas
Gozag
Hepliaklqana
Kikubaaqudgha
Makhleb
Nemelex Xobeh
Okawaru
Qazlal
Ru
Sif Muna
Trog
Uskayaw
Vehumet
Xom
Yredelemnul
Zin
The Shining One


Innate Abilities, Weirdness & Mutations

You are very small and have problems with some larger weapons.
You are too small for most types of armour.
You have supernaturally acute eyesight. (SInv)
You are a herbivore.
You cover ground extremely quickly.
You need consume almost no food.


Message History

Aim: an ice beast (not susceptible)
Okay, then.
Casting: Ensorcelled Hibernation
Confirm with . or Enter, or press ? or * to list all spells.
Aiming: Confuse
Press: ? - help, Shift-Dir - straight line, f/p - ice beast
Aim: an ice beast (chance to defeat MR: 50%)
You miscast Confuse.
You are very lightly contaminated with residual magic.
Your hands glow momentarily.
The ice beast misses you.
Casting: Confuse
Confirm with . or Enter, or press ? or * to list all spells.
Aiming: Confuse
Press: ? - help, Shift-Dir - straight line, f/p - ice beast
Aim: an ice beast (chance to defeat MR: 50%)
The ice beast resists with some effort.
The ice beast hits you.
* * * LOW HITPOINT WARNING * * *
The ice beast freezes you.
You die...
Your body crumbles into a pile of gold.

#....# ....... #####....#
....... #........###.....Y.
#.###....##....h... ###.#
###.###%....... #...#
#.###..h..... ## #.###
#.##.h.h.h... ..## ##.#
#$##r#<###### ..####..#
#@#....# ##.##...##
#Y...### .#.##.### ##....#
.......# .....## #....#.##
#.....# #..###..# .
##.###.# #(.## #.#..##..#
#.# ....##....##..####.#
.##....#.......5.#.########


You could see an ice beast.

Vanquished Creatures
  A jelly (D:5)
  An orc wizard (D:4)
  A worker ant (D:5)
  4 adders
  A shadow imp (D:5)
  An ooze (D:3)
  A worm (D:2)
  2 dart slugs
  3 leopard geckos
  2 orcs (D:4)
  A ball python (D:5)
  6 bats
  5 giant cockroaches
  7 hobgoblins
  4 jackals (D:5)
  A quokka (D:5)
  7 frilled lizards
  4 goblins
  A jackal skeleton (D:4)
  3 kobolds (D:3)
  2 rats (D:1)
58 creatures vanquished.

Notes
Turn   | Place    | Note
-------+----------+-------------------------------------------
     0 | D:1      | LORDOFBUTT the Spriggan Enchanter began the quest for the Orb.
     0 | D:1      | Reached XP level 1. HP: 9/9 MP: 5/5
   354 | D:1      | Reached XP level 2. HP: 11/13 MP: 6/6
   584 | D:1      | Reached skill level 5 in Stealth
  1190 | D:2      | Found a sacrificial altar of Ru.
  1231 | D:2      | Learned a level 2 spell: Ensorcelled Hibernation
  1234 | D:2      | Reached XP level 3. HP: 15/16 MP: 5/8
  1909 | D:3      | Reached XP level 4. HP: 21/21 MP: 4/10
  2526 | D:4      | Reached skill level 6 in Stealth
  2627 | D:4      | Found a staircase to the Ecumenical Temple.
  2839 | D:5      | Entered Level 5 of the Dungeon
  2863 | D:5      | Reached XP level 5. HP: 22/24 MP: 8/12
  2946 | Temple   | Entered the Ecumenical Temple
  3256 | Temple   | Became a worshipper of Gozag Ym Sagoz the Greedy
  3418 | D:4      | Learned a level 3 spell: Confuse
  3422 | D:4      | Learned a level 3 spell: Tukima's Dance
  3562 | D:5      | Noticed an ice beast
  3625 | D:5      | Slain by an ice beast

Skill      XL: |  1  2  3  4 |
---------------+-------------+-----
Spellcasting   | 3 4 |  4.2
Stealth        | 5 6 |  6.3
Hexes          | 4 |  4.8
Dodging        | 4 |  4.1
Short Blades   | |  1.8

Action                   |  1- 3 |  4- 6 || total
-------------------------+-------+-------++-------
Melee: Dagger            |   158 |   108 ||   266
 Cast: Ensorcelled Hiber |     6 |     7 ||    13
       Confuse           |       |     6 ||     6
  Use: Scroll            |       |     1 ||     1
 Stab: Sleeping          |    13 |    10 ||    23
       Distracted        |       |     1 ||     1
       Confused          |       |     1 ||     1
  Eat: Bread ration      |       |     1 ||     1
Armor: Robe              |    19 |    13 ||    32
Dodge: Dodged            |   146 |    85 ||   231
